 Dungeon Crawl Stone Soup version 0.28-a0-704-g4d584c6bc1 (webtiles) character file.

Game seed: 14315265055015022352

5987 MacCMillion the Brawler (level 10, -3/91 HPs)
             Began as a Troll Monk on Oct 24, 2021.
             Was an Elder of Hepliaklqana.
             Killed from afar by an orc (34 damage)
             ... with a bolt of acid
             ... on level 8 of the Dungeon.
             The game lasted 00:21:24 (5918 turns).

MacCMillion the Brawler (Troll Monk)                Turns: 5918, Time: 00:21:25

Health: -3/91      AC:  1    Str: 24    XL:     10   Next: 55%
Magic:  9/9        EV: 10    Int:  6    God:    Hepliaklqana [****..]
Gold:   361        SH:  0    Dex: 12    Spells: 9/9 levels left

rFire   . . .      SeeInvis +     - Unarmed
rCold   + . .      Faith    .   (no shield)
rNeg    . . .      Spirit   .   a - +1 robe
rPois   .          Reflect  .   (helmet restricted)
rElec   .          Harm     .   (no cloak)
rCorr   .          Rampage  .   (gloves unavailable)
Will    .....                   (boots unavailable)
Stlth   ++........              (no amulet)
HPRegen 1.25/turn               q - ring of protection from cold
MPRegen 0.11/turn               r - ring of see invisible

@: corroded
A: reduced essence, large, unfitting armour, claws 3, regeneration 1, shaggy fur
1, tough skin 1
a: Renounce Religion, Recall Ancestor, Ancestor Identity, Transference, Idealise


You were on level 8 of the Dungeon.
You worshipped Hepliaklqana.
Hepliaklqana was greatly pleased with you.
You visited 1 branch of the dungeon, and saw 8 of its levels.
You also visited: Sewer and Ossuary.

You collected 361 gold pieces.

Inventory:

Hand Weapons
 B - a +0 giant spiked club
Missiles
 A - a throwing net (quivered)
Armour
 a - a +1 robe (worn)
Jewellery
 n - a ring of resist corrosion
 q - a ring of protection from cold (left claw)
 r - a ring of see invisible (right claw)
Wands
 e - a wand of iceblast (4)
 y - a wand of polymorph (10)
Scrolls
 h - 6 scrolls of teleportation
 j - 2 scrolls of amnesia
 k - 2 scrolls of blinking {unknown}
 m - a scroll of vulnerability {unknown}
 o - 3 scrolls of immolation {unknown}
 p - a scroll of holy word {unknown}
 t - 2 scrolls of noise {unknown}
 x - 3 scrolls of fog {unknown}
Potions
 b - 2 potions of lignification
 c - 5 potions of brilliance
 d - a potion of resistance
 f - 4 potions of flight
 g - 2 potions of heal wounds
 i - 5 potions of curing
 s - a potion of cancellation {unknown}
 u - 2 potions of attraction
 v - 3 potions of mutation
 w - 2 potions of degeneration
 C - a potion of haste {unknown}


   Skills:
 + Level 7.4 Fighting
 - Level 3.0 Dodging
 - Level 1.0 Stealth
 * Level 15.5 Unarmed Combat
 - Level 5.0 Evocations


You had 9 spell levels left.
You didn't know any spells.
Your spell library contained the following spells:

 Spells                   Type           Power      Damage    Failure   Level
 Corpse Rot               Necr/Air       0%         N/A       58%         2
 Poisonous Vapours        Pois/Air       0%         N/A       58%         2


Dungeon Overview and Level Annotations

Branches:
Dungeon (8/15)             Temple (0/1) D:5           Sewer (visited)
Ossuary (visited)
   Lair: D:8-11

Altars:
Fedhas
Hepliaklqana
Nemelex Xobeh
Sif Muna

Annotations:
D:8 exclusion: two-headed ogre


Innate Abilities, Weirdness & Mutations

Your life essence is reduced to manifest your ancestor. (-10% HP)
You are too large for most types of armour.
You have claws for hands.
Your natural rate of healing is unusually fast.
You are covered in fur. (AC +1)
You have tough skin. (AC +1)


Message History

Bozidara gestures at the orc while chanting.
The puff of frost hits the orc!
The orc dies!
The orc zaps a wand.
Your mind is blasted!
Bozidara gestures at the orc while chanting.
The puff of frost hits the orc!
The orc dies!
Things that are here:
a +0 dagger; an orc corpse An orc comes into view.
It is wielding a +0 dagger.
An orc comes into view.
It is wielding a +0 falchion and carrying a wand of acid (9).
An orc comes into view. It is wielding a +0 whip.
There are monsters nearby!
An orc comes into view. It is wielding a +0 hand axe.
An orc warrior comes into view. It is wielding a +0 flail.
An orc comes into view. It is wielding a +0 mace.
An orc comes into view.
It is wielding a +1 war axe of holy wrath.
The orc zaps a wand.
The bolt of acid hits you!! The acid corrodes you!
You see here a steam dragon corpse. 2 orcs come into view.
The orc shouts! x2; You hear a shout! x2
The orc closely misses you.
An orc comes into view. It is wielding a +0 hand axe.
The orc moves out of view.
You closely miss the orc.
The orc shouts!
You hear a shout!
You hear an angry buzzing noise.
The orc completely misses you.
Bozidara casts a spell at the orc.
The stone arrow misses the orc.
The orc shouts!
You mangle the orc!!
You kill the orc!
The orc barely misses you.
The orc zaps a wand.
The bolt of acid hits Bozidara!!!
Bozidara is destroyed!
The bolt of acid hits you!!
You see here a steam dragon corpse.
The orc hits you with a +0 falchion.
The orc zaps a wand.
The bolt of acid hits you!!
You die...

###########################
....)...........@.)........
#################oo........
#†####..... ###########
#o#........ ..........#
#z)....o§#
#...#>...........oo))...#§≈
#...########.....o.#....≈≈≈
#....# #....#o.#o...≈z.
#....# o.......#....≈≈.


You could see an orc warrior, a wight and 6 orcs.

Vanquished Creatures
  A manticore (D:8)
  An oklob plant (D:7)
  A wyvern (D:7)
  A steam dragon (D:8)
  An acid dragon (D:6)
  Duvessa (D:5)
  4 sky beasts
  2 black bears
  3 ice beasts
  2 orc warriors
  2 necrophages
  An ogre (D:7)
  A kobold brigand (Sewer)
  An elf zombie (Ossuary)
  A bullfrog (D:8)
  A gnoll sergeant (D:7)
  3 scorpions
  A water moccasin zombie (D:6)
  5 wights (D:8)
  A centaur zombie (D:6)
  2 orc priests
  2 jellies (D:6)
  3 orc wizards
  An iguana (D:5)
  4 mummies (Ossuary)
  3 hound zombies
  3 gnolls (D:7)
  8 adders
  2 white imps
  An ufetubus (D:5)
  2 worms
  5 dart slugs
  13 orcs
  7 ball pythons
  7 endoplasms
  8 giant cockroaches
  8 goblins
  3 hobgoblins (D:1)
  2 jackals (D:3)
  8 kobolds
  6 quokkas
  6 bats
  5 frilled lizards
  A goblin zombie (Ossuary)
  A hobgoblin zombie (Ossuary)
  A jackal zombie (Ossuary)
  A kobold zombie (Ossuary)
  12 rats
159 creatures vanquished.

Vanquished Creatures (collateral kills)
  Harold (D:7)
  Sigmund (D:5)
  Eustachio (D:6)
  A wraith (D:8)
  An orc warrior (D:7)
  A sky beast (D:6)
  A black bear (D:6)
  2 necrophages
  A centaur (D:4)
  A phantom (D:5)
  A bullfrog (D:6)
  2 elf zombies (Ossuary)
  Dowan (D:5)
  A wyvern skeleton (D:7)
  3 wights (D:8)
  2 hounds
  An orc priest (D:7)
  An orc wizard (D:7)
  An iguana (D:6)
  2 gnolls (D:7)
  2 adders (D:4)
  An adder zombie (Ossuary)
  6 orcs
  A kobold (D:4)
  A goblin zombie (Ossuary)
  A hobgoblin zombie (Ossuary)
  An orc zombie (Ossuary)
39 creatures vanquished.

Vanquished Creatures (others)
  4 battlemagi
  An orc (D:8)
  8 plants
13 creatures vanquished.

Grand Total: 211 creatures vanquished

Notes
Turn   | Place    | Note
-------+----------+-------------------------------------------
     0 | D:1      | MacCMillion the Troll Monk began the quest for the Orb.
     0 | D:1      | Reached XP level 1. HP: 22/22 MP: 0/0
     3 | D:1      | Noticed an electric eel
     8 | D:1      | Noticed an electric eel
    79 | D:1      | Reached XP level 2. HP: 29/29 MP: 1/1
   684 | D:2      | Reached XP level 3. HP: 33/36 MP: 2/2
   999 | D:2      | Reached skill level 4 in Unarmed Combat
  1020 | D:2      | Reached XP level 4. HP: 42/44 MP: 3/3
  1748 | D:3      | Reached XP level 5. HP: 53/53 MP: 4/4
  1755 | D:3      | Found a glowing drain.
  1777 | Sewer    | Entered a sewer
  1857 | Sewer    | Reached skill level 5 in Unarmed Combat
  1894 | Sewer    | Found a white marble altar of Elyvilon.
  2184 | D:3      | Found a sparkling altar of Nemelex Xobeh.
  2366 | D:3      | Found a hazy altar of Hepliaklqana.
  2377 | D:3      | Became a worshipper of Hepliaklqana the Forgotten
  2377 | D:3      | Reached * piety under Hepliaklqana
  2377 | D:3      | Reached ** piety under Hepliaklqana
  2379 | D:3      | Remembered your ancestor Bozidara as a battlemage
  2527 | D:4      | Found a shimmering blue altar of Sif Muna.
  2621 | D:4      | Noticed a centaur
  2624 | D:4      | Reached XP level 6. HP: 45/53 MP: 5/5
  2699 | D:4      | Identified a scroll of acquirement
  2700 | D:4      | Acquired a manual of Unarmed Combat
  2915 | D:4      | Reached skill level 6 in Unarmed Combat
  3118 | D:5      | Entered Level 5 of the Dungeon
  3129 | D:5      | Reached skill level 7 in Unarmed Combat
  3129 | D:5      | Reached XP level 7. HP: 55/63 MP: 6/6
  3143 | D:5      | Noticed Dowan
  3145 | D:5      | Noticed Duvessa
  3151 | D:5      | Killed Duvessa
  3152 | D:5      | Reached skill level 1 in Evocations
  3153 | D:5      | Killed Dowan
  3242 | D:5      | Reached skill level 8 in Unarmed Combat
  3333 | D:5      | Identified the +0 flail of Distraction {vorpal, Int+2}
  3431 | D:5      | Found a staircase to the Ecumenical Temple.
  3497 | D:5      | Noticed Sigmund
  3540 | D:5      | Killed Sigmund
  3541 | D:5      | Reached skill level 9 in Unarmed Combat
  3541 | D:5      | Reached XP level 8. HP: 65/71 MP: 7/7
  3799 | D:6      | Noticed Eustachio
  3823 | D:6      | Killed Eustachio
  3824 | D:6      | Reached skill level 5 in Fighting
  3860 | D:6      | Reached skill level 10 in Unarmed Combat
  3936 | D:6      | Reached skill level 11 in Unarmed Combat
  3955 | D:6      | Reached XP level 9. HP: 50/79 MP: 8/8
  4055 | D:6      | Reached *** piety under Hepliaklqana
  4155 | D:6      | Found a sand-covered staircase.
  4166 | Ossuary  | Entered an ossuary
  4185 | Ossuary  | Reached skill level 12 in Unarmed Combat
  4742 | D:7      | Noticed Harold
  4764 | D:6      | Reached skill level 13 in Unarmed Combat
  4797 | D:7      | Killed Harold
  4845 | D:6      | Reached skill level 14 in Unarmed Combat
  4845 | D:6      | Reached XP level 10. HP: 59/90 MP: 9/9
  5347 | D:7      | Found a blossoming altar of Fedhas.
  5364 | D:7      | Noticed an oklob plant
  5391 | D:7      | Killed an oklob plant
  5485 | D:8      | Reached **** piety under Hepliaklqana
  5491 | D:8      | Reached skill level 5 in Evocations
  5565 | D:8      | Noticed a two-headed ogre
  5734 | D:8      | Reached skill level 15 in Unarmed Combat
  5819 | D:8      | Noticed a manticore
  5833 | D:8      | Killed a manticore
  5918 | D:8      | Killed from afar by an orc

Illustrated notes

Levels and vault maps discovered:
D:1:      arrival_aquarium_b, layout_basic
D:2:      layout_loops_ring, chequers_serial_rivers_micro_e,
          minmay_divided_ellipse
D:3:      layout_basic, overflow_temple_1_default, mainiacjoe_overflow_alcove_2,
          serial_bayou, serial_bayou_lake_a, serial_bayou_pond_c,
          serial_bayou_crossing, serial_bayou_pond_c, gup_sewer_entry_pipe
D:4:      layout_loops_ring, kennysheep_mini
D:5:      layout_gridville, minmay_temple_entry_butterflies, minmay_door_square,
          uniq_sigmund, uniq_duvessa
D:6:      layout_cave_pools, lightli_ossuary_entry_decrepit_ruins,
          minmay_starry_boxes, uniq_eustachio
D:7:      layout_cave_pools, tgw_fedhas, st_stairs_5, uniq_harold
D:8:      minmay_ornate_pinched, layout_basic, lemuel_doored_altar,
          makhleb_altar_promises_db, special_room [special_room_orc],
          hangedman_misty_isle

Skill      XL: |  1  2  3  4  5  6  7  8  9 10 |
---------------+-------------------------------+-----
Dodging        | 3 |  3.0
Unarmed Combat | 4 5 7 9 11 14 15 | 15.5
Fighting       | 3 4 5 6 7 |  7.4
Evocations     | 2 3 4 5 |  5.0
Stealth        | |  1.0

Action                   |  1- 3 |  4- 6 |  7- 9 | 10-12 || total
-------------------------+-------+-------+-------+-------++-------
Melee: Unarmed           |    96 |   191 |   139 |    80 ||   506
       Punch             |     1 |       |     8 |     9 ||    18
Invok: Ancestor Life: Ba |       |     1 |       |       ||     1
Evoke: Wand              |       |       |     4 |       ||     4
  Use: Scroll            |       |     9 |       |     4 ||    13
       Potion            |       |     1 |     1 |     1 ||     3
 Stab: Sleeping          |     4 |     2 |     1 |     1 ||     8
       Distracted        |       |       |     1 |       ||     1
Armor: Robe              |    26 |    52 |    49 |     9 ||   136
Dodge: Dodged            |    51 |   116 |    89 |    32 ||   288

Table legend: (Time is in decaauts)
 A = Elapsed time spent in this place.
 B = Non-inter-level travel time spent in this place.
 C = Inter-level travel time spent in this place.
 D = Time resting spent in this place.
 E = Time spent auto-exploring this place.
 F = Levels seen in this place.
 G = Mean time per level.
                   A        B        C        D        E       F      G
               +--------+--------+--------+--------+--------+-----+--------+
         Total |   5968 |   5790 |    178 |    176 |   4131 |  10 |  596.8 |
       Dungeon |   5544 |   5366 |    178 |    176 |   3894 |   8 |  693.0 |
         Sewer |    247 |    247 |      0 |      0 |    119 |   1 |  247.0 |
       Ossuary |    176 |    176 |      0 |      0 |    118 |   1 |  176.0 |
               +--------+--------+--------+--------+--------+-----+--------+

Top non-repeatable levels by time:
     D:2: 858 daAuts
     D:3: 798 daAuts
     D:7: 771 daAuts
     D:6: 730 daAuts
     D:5: 674 daAuts
     D:4: 670 daAuts
     D:1: 646 daAuts
     D:8: 394 daAuts
   Sewer: 247 daAuts
 Ossuary: 176 daAuts
